Construct Section Command Post
Construct Platoon Command Post
6-pounder Anti-tank Gun Team
Unlock Bishop Self-propelled Artillery
Selects Air and Sea Battlegroup
Bishop Self-propelled Artillery
Selects Commando Section Paradrop
Selects M1 Pack Howitzer Paradrop
Bishop Self-propelled Artillery
Construct Company Command Post
6-pounder Anti-tank Gun Team
6-pounder Anti-tank Gun Team
Selects Anti-tank Rocket Loiter